 Dungeon Crawl Stone Soup version 0.26-a0-597-gb535b0901c (webtiles) character file.

Game seed: 11120784742452811486

120509 sanka the Ninja (level 16, -2/85 HPs)
             Began as a Spriggan Enchanter on Aug 25, 2020.
             Was the Champion of Ru.
             Shot with a bolt by a yaktaur (22 damage)
             ... on level 1 of the Depths on Aug 26, 2020.
             The game lasted 01:21:39 (37110 turns).

sanka the Ninja (Spriggan Enchanter)               Turns: 37110, Time: 01:21:40

Health: -2/85      AC:  9    Str:  4    XL:     16   Next: 30%
Magic:  0/24       EV: 34    Int: 18    God:    Ru [******]
Gold:   1333       SH:  9    Dex: 25    Spells: 18/27 levels left

rFire    x x x     SeeInvis +   a - +3 dagger (venom)
rCold    + + +     Faith    .   J - +0 buckler "Apekeakh" {Rampage rC+ Dex+3 Stlth+} (curse)
rNeg     . . .     Spirit   +   I - +2 robe {rC+}
rPois    .         Reflect  .   K - +2 hat {MR+}
rElec    .         Harm     .   v - +2 cloak of the Game of Kings {+Inv}
rCorr    .                      (gloves unavailable)
MR       +++..                  (boots unavailable)
Stlth    ++++++++++             M - amulet of guardian spirit
HPRegen  0.24/turn              A - ring of ice
MPRegen  0.19/turn              S - ring of ice

@: lightly drained, very quick
A: very small, unfitting armour, see invisible, speed 3, low mp 1, hated by all,
inexperienced 1, temperature sensitive
a: Draw Out Power, Power Leap, Apocalypse, Renounce Religion, Evoke Invisibility


You were on level 1 of the Depths.
You worshipped Ru.
Ru was exalted by your worship.
You visited 6 branches of the dungeon, and saw 26 of its levels.

You collected 3377 gold pieces.
You spent 2044 gold pieces at shops.


Innate Abilities, Weirdness & Mutations

You are very small and have problems with some larger weapons.
You are too small for most types of armour.
You have supernaturally acute eyesight. (SInv)
You cover ground extremely quickly.
Your magical capacity is low. (-10% MP)
You are hated by all.
You are somewhat inexperienced. (-2 XL)
You are sensitive to extremes of temperature. (rF-, rC-)


   Skills:
 - Level 10.0(9.5) Fighting
 - Level 10.0(9.5) Short Blades
 + Level 15.1(14.6) Dodging
 O Level 27(26.3) Stealth
 - Level 7.2(6.7) Shields
 + Level 6.4(6.0) Spellcasting
 + Level 0.3(0.0) Conjurations
 + Level 10.2(9.7) Hexes
 + Level 0.4(0.0) Ice Magic


You had 18 spell levels left.
You knew the following spells:

 Your Spells              Type           Power        Failure   Level
y - Dazzling Flash        Conj/Hex       ###...       4%          3
z - Ensorcelled Hibernat  Hex/Ice        ######       2%          2
X - Confusing Touch       Hex            #####...     1%          3
Z - Corona                Hex            #####..      1%          1

Your spell library contained the following spells:

 Spells                   Type           Power        Failure   Level
 Slow                     Hex            #####...     1%          2
 Magic Dart               Conj           #...         12%         1
 Blink                    Tloc           N/A          19%         2
 Conjure Flame            Conj/Fire      #.......     34%         3
 Mephitic Cloud           Conj/Pois/Air  #.......     34%         3
 Bolt of Magma            Conj/Fire/Erth #.........   97%         5
 Borgnjor's Vile Clutch   Necr/Erth      #.........   97%         5
 Iskenderun's Battlesphe  Conj           #.......     97%         5
 Iron Shot                Conj/Erth      #.........   100%        6
 Orb of Destruction       Conj           #.........   100%        7
 Tukima's Dance           Hex            Unusable     N/A         3
 Call Imp                 Summ           Unusable     N/A         2
 Animate Dead             Necr           Unusable     N/A         4
 Death Channel            Necr           Unusable     N/A         6
 Simulacrum               Ice/Necr       Unusable     N/A         6
 Spellforged Servitor     Conj/Summ      Unusable     N/A         7

Inventory:

Hand Weapons
 a - a +3 dagger of venom (weapon)
Missiles
 B - 5 throwing nets {=f}
 G - 8 curare-tipped darts {=f}
Armour
 v - the +2 cloak of the Game of Kings (worn) {+Inv}

   It lets you turn invisible.
 I - a +2 robe of cold resistance (worn)
 J - the cursed +0 buckler "Apekeakh" (worn) {Rampage rC+ Dex+3 Stlth+}

   It affects your dexterity (+3).
   It protects you from cold.
   It bestows one free step when moving towards enemies.
   It makes you more stealthy.
   It has a curse placed upon it.
 K - a +2 hat of magic resistance (worn)
Jewellery
 n - an uncursed amulet of the acrobat
 o - an uncursed ring of positive energy
 q - an uncursed amulet of regeneration
 z - an uncursed ring of magical power
 A - a ring of ice (left hand)
 D - an uncursed ring of protection from cold
 F - an uncursed ring of flight
 L - an uncursed ring of wizardry
 M - an amulet of guardian spirit (around neck)
 S - a ring of ice (right hand)
Wands
 l - a wand of polymorph (6)
 y - a wand of digging (6)
 P - a wand of acid (12)
 Q - a wand of random effects (31)
Scrolls
 b - a scroll of acquirement
 d - 6 scrolls of enchant armour
 g - 14 scrolls of remove curse
 h - 2 scrolls of immolation {!r}
 i - 4 scrolls of magic mapping
 m - 15 scrolls of teleportation {@r4}
 p - 2 scrolls of fear
 u - 5 scrolls of blinking
 w - 2 scrolls of fog
 C - 2 scrolls of enchant weapon
 H - 4 scrolls of amnesia
 N - a scroll of vulnerability {!r}
 R - a scroll of brand weapon
 T - a scroll of silence {!r}
 Y - a scroll of holy word
 Z - 2 scrolls of identify {@r1}
Potions
 c - 10 potions of lignification {!q}
 e - 13 potions of heal wounds {@q2}
 f - 6 potions of might
 j - 11 potions of curing {@q1}
 k - 5 potions of haste {@q3}
 r - 5 potions of mutation {!q}
 s - 3 potions of resistance
 t - 5 potions of brilliance
 x - 2 potions of flight
 E - 4 potions of ambrosia
 O - 3 potions of invisibility
 W - 2 potions of magic

Dungeon Overview and Level Annotations

Branches:
Dungeon (15/15)            Temple (1/1) D:6            Lair (6/6) D:11
 Shoals (0/4) Lair:4        Snake (1/4) Lair:2        Slime (0/5) Lair:5
    Orc (2/2) D:10            Elf (0/3) Orc:2        Vaults (0/5) D:14
 Depths (1/5) D:15

Altars:
Ashenzari
Cheibriados
Dithmenos
Elyvilon
Fedhas
Gozag
Hepliaklqana
Kikubaaqudgha
Makhleb
Nemelex Xobeh
Okawaru
Qazlal
Ru
Sif Muna
Trog
Uskayaw
Vehumet
Wu Jian
Xom
Yredelemnul
Zin
The Shining One
Beogh

Shops:
D:4 *   D:15 !   Orc:2 ?![}

Portals:
Pandemonium: Orc:2

Annotations:
Depths:1 Aizul

▒£▒.............
▒...............
▒.▒.............
▒..............
▒..▒▒..(...Cc...
▒▒▒▒..8c........
▒..c..(.......
▒....(8.......
▒..i((......▒
▒.....8....▒▒
▒.......▒▒▒.▒
▒▒..8..▒▒ ▒
▒▒..[..▒
▒......▒▒
▒.......▒
▒▒....▒▒▒▒
▒▒.....▒


You could see a stone giant and 3 yaktaurs.


Message History

Unknown command.
You start resting.
Magic restored.
HP restored.
You climb downwards.
Welcome back to the Depths!
Level annotation: Aizul The yaktaur shoots a bolt.
The bolt hits you!!
The stone giant throws a large rock.
The large rock completely misses you.
The yaktaur wields a +0 arbalest.
The yaktaur shoots a bolt.
The bolt hits you!!
* * * LOW HITPOINT WARNING * * *
You redirect the stone giant's attack!
The stone giant throws a large rock.
The large rock hits the yaktaur!!!
There is a staircase back to the Dungeon, spattered with blood here.
Things that are here:
2 bolts; 2 large rocks {=f} The yaktaur is stunned by your will and fails to attack.
Unknown command.
Unknown command.
The yaktaur shoots a bolt.
The bolt hits you!!
* * * LOW HITPOINT WARNING * * *
The yaktaur shoots a bolt.
The bolt hits you!!
You die...

Action                   |  1- 3 |  4- 6 |  7- 9 | 10-12 | 13-15 | 16-18 || total
-------------------------+-------+-------+-------+-------+-------+-------++-------
Melee: Dagger            |    51 |    63 |   346 |   574 |   980 |    89 ||  2103
 Cast: Corona            |     3 |       |       |       |       |       ||     3
       Ensorcelled Hiber |    16 |    37 |   156 |   196 |   356 |    10 ||   771
       Confusing Touch   |       |     2 |    18 |    21 |    52 |     2 ||    95
       Dazzling Flash    |       |       |       |       |       |     3 ||     3
Invok: Sacrifice Experie |       |       |     1 |       |       |       ||     1
       Sacrifice Resista |       |       |     1 |       |       |       ||     1
       Apocalypse        |       |       |       |     4 |     3 |     1 ||     8
       Sacrifice Love    |       |       |       |     1 |       |       ||     1
       Sacrifice Essence |       |       |       |     1 |       |       ||     1
 Abil: Evoke Invisibilit |       |       |       |     1 |     5 |       ||     6
Evoke: Wand              |       |       |       |       |     5 |       ||     5
  Use: Potion            |       |     1 |       |       |     1 |       ||     2
       Scroll            |       |       |     4 |    14 |    10 |     3 ||    31
 Stab: Sleeping          |    26 |    23 |   101 |   153 |   281 |    12 ||   596
       Confused          |       |     3 |    17 |    24 |    61 |     3 ||   108
       Distracted        |       |     3 |     3 |     4 |    22 |       ||    32
       Invisible         |       |       |       |     6 |    33 |     1 ||    40
       Paralysed         |       |       |       |    17 |     9 |     4 ||    30
Armor: Robe              |     8 |     3 |    28 |    13 |    19 |     4 ||    75
Dodge: Dodged            |    45 |    68 |   313 |   416 |   521 |    34 ||  1397
Block: Buckler           |       |       |       |       |   226 |    10 ||   236

Levels and vault maps discovered:
D:1:      evilmike_arrival_crescent, layout_loops_ring
D:2:      layout_rooms, uniq_sigmund
D:3:      layout_loops_cross, uniq_grinder
D:4:      layout_loops_cross, serial_shops, kennysheep_mini_moat,
          tso_metal_star, uniq_robin
D:5:      layout_rooms, nemelex_spade_bored_becter
D:6:      layout_loops_ring, minmay_temple_entry_wispy, uniq_duvessa
D:7:      layout_layer_cave, minitemple
D:8:      layout_basic, gammafunk_ghost_berserking_beasts, uniq_harold
D:9:      layout_roguey, gammafunk_temple_overflow_forgotten, uniq_joseph
D:10:     layout_gridville, hiddenorc1_lemuel, basic_altar, uniq_sonja
D:11:     layout_basic, minmay_lair_entry_grove, minmay_between
D:12:     layout_basic, uniq_kirke
D:13:     layout_cave_pools, wad_floor_pattern_untrapped
D:14:     kennysheep_demon_hangout, layout_cave_pools,
          ximxim_vaults_locker_room, infiniplex_staircase_river,
          minmay_hollow_rounded_squares
D:15:     gammafunk_depths_entry_grave, layout_stronghold,
          gammafunk_ghost_fury_of_okawaru, serial_shops, shop,
          minmay_misc_feat_enclosed, chequers_serial_rivers_large_b
Temple:   eino_temple_rhombus
Lair:1:   layout_concentric_octagons, hellmonk_ghost_happy_afterlife,
          grunt_megastairs_5
Lair:2:   layout_roguey [special_room_bee], minmay_snake_entry_guardpost_small,
          grunt_forest_small_clearing_treed, grunt_megastairs_1,
          serial_bayou_shore_a
Lair:3:   layout_cave_pods, serial_bayou_crossing, lemuel_fruit_fields,
          infiniplex_staircase_pool, uniq_rupert
Lair:4:   layout_cave_pods, elwin_shoals_entry_stream, uniq_nessos
Lair:5:   layout_regular_city, nicolae_slime_entry_slimehenge
Lair:6:   hangedman_lair_tendril_chambers, layout_cave_pods, wormcave,
          minivault_27
Snake:1:  layout_basic, serial_shops, shop, grunt_megastairs_4,
          serial_bayou_shore_b, uniq_louise
Orc:1:    orc_temple, layout_diamond_mine, uniq_erolcha
Orc:2:    pf_orc_diabolical, layout_diamond_mine
Depths:1: kennysheep_ambush_hall, layout_cave_shapes,
          abyss_entry_small_statue_room, kennysheep_another_room,
          pf_hell_entry_tar_spiral, grunt_decor_resistance, corner_web_ring,
          grunt_ministairs_9, st_stairs_3, minislime_mu, uniq_aizul

Notes
Turn   | Place    | Note
-------+----------+-------------------------------------------
     0 | D:1      | sanka the Spriggan Enchanter began the quest for the Orb.
     0 | D:1      | Reached XP level 1. HP: 9/9 MP: 5/5
   141 | D:1      | Reached skill level 5 in Stealth
   243 | D:1      | Reached XP level 2. HP: 13/13 MP: 6/6
   247 | D:1      | Learned a level 2 spell: Ensorcelled Hibernation
   929 | D:2      | Reached skill level 6 in Stealth
  1135 | D:2      | Reached XP level 3. HP: 16/16 MP: 4/8
  1231 | D:2      | Noticed Sigmund
  1244 | D:2      | Killed Sigmund
  1244 | D:2      | Reached skill level 8 in Stealth
  1244 | D:2      | Reached skill level 3 in Short Blades
  1244 | D:2      | Reached XP level 4. HP: 21/21 MP: 6/9
  1244 | D:2      | Reached XP level 5. HP: 24/24 MP: 6/10
  1432 | D:2      | Reached skill level 4 in Short Blades
  2553 | D:2      | Reached skill level 5 in Short Blades
  2553 | D:2      | Reached XP level 6. HP: 25/28 MP: 8/11
  2612 | D:2      | Learned a level 3 spell: Confusing Touch
  2616 | D:2      | Learned a level 3 spell: Tukima's Dance
  2895 | D:3      | Noticed Grinder
  2982 | D:3      | Killed Grinder
  2982 | D:3      | Reached skill level 3 in Spellcasting
  2982 | D:3      | Reached skill level 5 in Hexes
  3375 | D:3      | Reached XP level 7. HP: 32/32 MP: 12/12
  3593 | D:3      | Reached skill level 6 in Hexes
  3640 | D:4      | Noticed Robin
  4234 | D:4      | Killed Robin
  4463 | D:4      | Found Poicyot's Assorted Antiques.
  4496 | D:4      | Found a glowing golden altar of the Shining One.
  4529 | D:4      | Reached skill level 7 in Hexes
  5259 | D:4      | Bought a heavily runed cloak for 228 gold pieces
  5264 | D:4      | Identified the +2 cloak of the Game of Kings {+Inv} (You
                  | bought it in a shop on level 4 of the Dungeon)
  5283 | D:5      | Entered Level 5 of the Dungeon
  5423 | D:5      | Reached skill level 8 in Hexes
  5462 | D:5      | Reached skill level 1 in Fighting
  5630 | D:5      | Reached skill level 4 in Dodging
  5667 | D:5      | Reached XP level 8. HP: 37/37 MP: 10/13
  5865 | D:5      | Reached skill level 2 in Fighting
  5865 | D:5      | Reached skill level 5 in Dodging
  6305 | D:5      | Found a sparkling altar of Nemelex Xobeh.
  6581 | D:6      | Reached skill level 6 in Dodging
  6721 | D:6      | Reached skill level 3 in Fighting
  6788 | D:6      | Reached skill level 7 in Dodging
  6909 | D:6      | Reached skill level 8 in Dodging
  7059 | D:6      | Noticed Duvessa
  7061 | D:6      | Noticed Dowan
  7332 | D:6      | Killed Duvessa
  7332 | D:6      | Reached skill level 9 in Stealth
  7525 | D:6      | Killed Dowan
  7550 | D:6      | Reached skill level 6 in Short Blades
  7611 | D:6      | Found a staircase to the Ecumenical Temple.
  7655 | Temple   | Entered the Ecumenical Temple
  7793 | Temple   | Became a worshipper of Ru the Awakened
  7967 | D:6      | Reached XP level 9. HP: 35/44 MP: 0/14
  8241 | D:4      | Bought a glowing dagger for 120 gold pieces
  8667 | D:7      | Reached skill level 10 in Stealth
  8931 | D:7      | Reached skill level 7 in Short Blades
  9193 | D:7      | Found a snail-covered altar of Cheibriados.
  9194 | D:7      | Found a hazy altar of Hepliaklqana.
  9197 | D:7      | Found a burning altar of Makhleb.
  9738 | D:7      | Gained mutation: You are sensitive to extremes of
                  | temperature. (rF-, rC-) [Ru sacrifice]
  9738 | D:7      | Reached * piety under Ru
  9738 | D:7      | Reached ** piety under Ru
 10091 | D:8      | Noticed a two-headed ogre
 10111 | D:8      | Killed a two-headed ogre
 10111 | D:8      | Reached skill level 8 in Short Blades
 10111 | D:8      | Reached skill level 11 in Stealth
 10113 | D:8      | Reached skill level 12 in Stealth
 10120 | D:8      | Learned a level 3 spell: Dazzling Flash
 10195 | D:8      | Found a transporter.
 10222 | D:8      | Found a transporter.
 10226 | D:8      | Noticed vurker's ghost (novice GnNe)
 10240 | D:8      | Noticed Harold
 10251 | D:8      | Killed Harold
 10251 | D:8      | Reached XP level 10. HP: 48/49 MP: 16/16
 10304 | D:8      | Noticed a moth of wrath
 10362 | D:8      | Reached skill level 4 in Spellcasting
 11448 | D:8      | Killed a moth of wrath
 11448 | D:8      | Reached skill level 4 in Fighting
 11448 | D:8      | Reached skill level 9 in Dodging
 11504 | D:8      | Killed vurker's ghost
 11504 | D:8      | Reached skill level 13 in Stealth
 11504 | D:8      | Reached skill level 5 in Spellcasting
 11504 | D:8      | Reached skill level 9 in Hexes
 11775 | D:9      | Noticed Joseph
 11778 | D:9      | Killed Joseph
 11778 | D:9      | Reached skill level 9 in Short Blades
 12352 | D:9      | Reached XP level 11. HP: 54/54 MP: 20/20
 12418 | D:9      | Reached skill level 10 in Dodging
 12542 | D:9      | Found a basalt altar of Yredelemnul.
 12542 | D:9      | Found an iron altar of Okawaru.
 12543 | D:9      | Found a blossoming altar of Fedhas.
 12622 | D:10     | Entered Level 10 of the Dungeon
 12722 | D:10     | Gained mutation: You are somewhat inexperienced. (-2 XL)
                  | [Ru sacrifice]
 12722 | D:10     | Reached XP level 10. HP: 47/51 MP: 28/28
 12722 | D:10     | Reached XP level 9. HP: 46/46 MP: 27/27
 12722 | D:10     | Reached *** piety under Ru
 12722 | D:10     | Reached **** piety under Ru
 12942 | D:10     | Found a staircase to the Orcish Mines.
 13102 | D:10     | Reached skill level 6 in Spellcasting
 13414 | D:10     | Noticed Sonja
 13459 | D:10     | Killed Sonja
 13459 | D:10     | Reached skill level 5 in Fighting
 13902 | D:10     | Found a snail-covered altar of Cheibriados.
 14033 | D:10     | Got an iridescent dagger
 14034 | D:10     | Identified the cursed +2 dagger of Modesty {vorpal, Str+4
                  | Dex+2} (You found it on level 10 of the Dungeon)
 14226 | D:11     | Found the +2 ratskin cloak {*Rats rPois rN+ Str-1 Int-1
                  | Dex+1}
 14231 | D:11     | Noticed a two-headed ogre
 14246 | D:11     | Reached XP level 10. HP: 45/51 MP: 20/20
 14265 | D:11     | Killed a two-headed ogre
 14265 | D:11     | Reached skill level 14 in Stealth
 14265 | D:11     | Reached skill level 10 in Hexes
 14521 | D:11     | Noticed a red ugly thing
 14523 | D:11     | Found a staircase to the Lair.
 14544 | D:11     | Killed a red ugly thing
 14554 | D:11     | HP: 5/51 [yak (16)]
 14839 | D:11     | Reached skill level 11 in Dodging
 14843 | D:11     | Reached skill level 10 in Short Blades
 15540 | D:11     | Noticed a two-headed ogre
 15579 | D:11     | Killed a two-headed ogre
 15579 | D:11     | Reached skill level 6 in Fighting
 15579 | D:11     | Reached XP level 11. HP: 34/56 MP: 16/21
 15727 | D:11     | Gained mutation: You are hated by all. [Ru sacrifice]
 15727 | D:11     | Reached ***** piety under Ru
 15773 | D:11     | Noticed a purple ugly thing
 15775 | D:11     | Killed a purple ugly thing
 15775 | D:11     | Reached skill level 15 in Stealth
 15877 | D:11     | Reached skill level 12 in Dodging
 15918 | D:11     | Noticed a five-headed hydra
 15921 | D:11     | Killed a five-headed hydra
 16204 | D:11     | Reached skill level 13 in Dodging
 16614 | D:12     | Reached skill level 14 in Dodging
 16875 | D:12     | Noticed a skeletal warrior
 16931 | D:12     | Killed a skeletal warrior
 17043 | D:12     | Noticed a skeletal warrior
 17044 | D:12     | Noticed a skeletal warrior
 17044 | D:12     | Noticed a skeletal warrior
 17045 | D:12     | Killed a skeletal warrior
 17045 | D:12     | Reached skill level 15 in Dodging
 17046 | D:12     | Killed a skeletal warrior
 17052 | D:12     | Killed a skeletal warrior
 17166 | D:12     | Noticed a tengu warrior
 17167 | D:12     | Noticed a tengu warrior
 17169 | D:12     | Killed a tengu warrior
 17169 | D:12     | Reached XP level 12. HP: 62/62 MP: 22/22
 17172 | D:12     | Killed a tengu warrior
 17172 | D:12     | Reached skill level 16 in Stealth
 17231 | D:12     | Noticed Kirke
 17234 | D:12     | Reached skill level 7 in Fighting
 17247 | D:12     | Killed Kirke
 17248 | D:12     | Gained mutation: Your magical capacity is low. (-10% MP)
                  | [Ru sacrifice]
 17248 | D:12     | Reached ****** piety under Ru
 17603 | Lair:1   | Entered Level 1 of the Lair of Beasts
 17685 | Lair:1   | Found a runed translucent door.
 17685 | Lair:1   | Noticed Ferkelamun's ghost (journeyman DsAK)
 18383 | Lair:1   | Noticed a seven-headed hydra
 18388 | Lair:1   | Killed a seven-headed hydra
 18388 | Lair:1   | Reached skill level 8 in Fighting
 18388 | Lair:1   | Reached skill level 17 in Stealth
 18667 | Lair:2   | Found a staircase to the Snake Pit.
 18795 | Lair:2   | Noticed an eight-headed hydra
 18797 | Lair:2   | Killed an eight-headed hydra
 20293 | Lair:1   | Killed Ferkelamun's ghost
 20339 | Snake:1  | Entered Level 1 of the Snake Pit
 20457 | Lair:3   | Reached skill level 18 in Stealth
 20457 | Lair:3   | Reached XP level 13. HP: 59/70 MP: 16/20
 20653 | Lair:3   | Noticed Rupert
 20660 | Lair:3   | Killed Rupert
 20660 | Lair:3   | Reached skill level 9 in Fighting
 21458 | Lair:3   | Got a smoking buckler
 21464 | Lair:3   | Identified the cursed +0 buckler "Apekeakh" {Rampage rC+
                  | Dex+3 Stlth+} (You found it on level 3 of the Lair of
                  | Beasts)
 21831 | Lair:4   | Found a staircase to the Shoals.
 21857 | Lair:4   | Reached skill level 1 in Shields
 22192 | Lair:4   | Reached skill level 19 in Stealth
 22223 | Lair:4   | Noticed Nessos
 22233 | Lair:4   | Killed Nessos
 22666 | Lair:5   | Reached skill level 2 in Shields
 23096 | Lair:5   | Reached skill level 10 in Fighting
 23485 | Lair:5   | Found a staircase to the Slime Pits.
 23489 | Lair:5   | Reached skill level 3 in Shields
 24121 | Lair:6   | Entered Level 6 of the Lair of Beasts
 24429 | Lair:6   | Reached skill level 20 in Stealth
 24429 | Lair:6   | Reached skill level 4 in Shields
 24459 | Lair:6   | Reached XP level 14. HP: 55/77 MP: 10/21
 25408 | Lair:6   | Reached skill level 5 in Shields
 25785 | Lair:6   | Found a runed translucent door.
 25800 | Lair:6   | Identified +0 ice dragon scales
 25974 | Lair:6   | Reached skill level 21 in Stealth
 26292 | Orc:1    | Entered Level 1 of the Orcish Mines
 26371 | Orc:1    | Reached skill level 6 in Shields
 26550 | Orc:1    | Noticed an orc warlord
 26582 | Orc:1    | Killed an orc warlord
 26772 | Orc:1    | Noticed Erolcha
 26787 | Orc:1    | Killed Erolcha
 27577 | Orc:1    | Found a roughly hewn altar of Beogh.
 27942 | Orc:2    | Entered Level 2 of the Orcish Mines
 28679 | Orc:2    | Found Gate Ked's Distillery.
 28720 | Orc:2    | Found Unit's Magic Scroll Boutique.
 28823 | Orc:2    | Reached skill level 7 in Shields
 29095 | Orc:2    | Noticed an orc warlord
 29099 | Orc:2    | Killed an orc warlord
 29099 | Orc:2    | Reached skill level 22 in Stealth
 29493 | Orc:2    | Found a staircase to the Elven Halls.
 30441 | Orc:2    | Reached XP level 15. HP: 65/80 MP: 15/22
 30933 | Orc:2    | Reached skill level 23 in Stealth
 31491 | Orc:2    | Found Niur's Antique Armour Emporium.
 31491 | Orc:2    | Found a one-way gate leading to the halls of Pandemonium.
 31491 | Orc:2    | Found Qabrutso's Gadget Shoppe.
 31832 | Orc:2    | Bought a scroll of acquirement for 832 gold pieces
 31832 | Orc:2    | Acquired a +0 hat of magic resistance
 31841 | Orc:2    | Bought a scroll of silence for 120 gold pieces
 31841 | Orc:2    | Bought a scroll of blinking for 120 gold pieces
 31843 | Orc:2    | Bought a potion of haste for 120 gold pieces
 31843 | Orc:2    | Bought 2 potions of invisibility for 192 gold pieces
 33116 | D:14     | Reached skill level 24 in Stealth
 33930 | D:14     | Identified the cursed +0 plate armour of Poor Excuses
                  | {rPois Str+2}
 34064 | D:14     | Found a gate to the Vaults.
 34113 | D:14     | Reached skill level 25 in Stealth
 34612 | D:14     | Identified +0 acid dragon scales
 34617 | D:14     | Identified +0 acid dragon scales
 34757 | D:14     | Identified +0 fire dragon scales
 35031 | D:15     | Entered Level 15 of the Dungeon
 35135 | D:15     | Found a runed translucent gate.
 35135 | D:15     | Found a runed translucent gate.
 35147 | D:15     | Found Tiylohem's Distillery.
 35332 | D:15     | Bought a potion of heal wounds for 65 gold pieces
 35332 | D:15     | Bought a potion of heal wounds for 65 gold pieces
 35332 | D:15     | Bought a potion of haste for 130 gold pieces
 35332 | D:15     | Bought a potion of might for 52 gold pieces
 35345 | D:15     | Found a staircase to the Depths.
 35460 | D:15     | Reached skill level 26 in Stealth
 36005 | D:15     | Reached XP level 16. HP: 85/85 MP: 23/23
 36378 | D:15     | Found a runed translucent gate.
 36381 | D:15     | Found an iron altar of Okawaru.
 36381 | D:15     | Noticed Ygis Bepp's ghost (journeyman GnFi)
 36410 | D:15     | Killed Ygis Bepp's ghost
 36734 | Depths:1 | Entered Level 1 of the Depths
 36735 | Depths:1 | Reached skill level 27 in Stealth
 36784 | Depths:1 | Noticed Aizul
 37110 | Depths:1 | Shot with a bolt by a yaktaur

Vanquished Creatures
  Rupert (Lair:3)
  Kirke (D:12)
  2 orc warlords
  A frost giant (D:15)
  A stone giant (Depths:1)
  Nessos (Lair:4)
  The ghost of Ygis Bepp the Blocker, a journeyman GnFi of Qazlal (D:15)
  2 merfolk impalers (D:15)
  A fire dragon (D:14)
  2 great orbs of eyes
  4 vault guards (D:14)
  2 naga warriors (D:15)
  Erolcha (Orc:1)
  Harold (D:8)
  A rakshasa (D:15)
  6 hydras
  An ice dragon (Lair:6)
  The ghost of Ferkelamun the Basher, a journeyman DsAK of Lugonu (Lair:1)
  3 centaur warriors
  A death knight (D:14)
  4 two-headed ogres
  A vampire mage (Depths:1)
  3 tengu warriors
  6 orc high priests
  A sun demon (Orc:2)
  2 deep elf knights (D:15)
  6 skeletal warriors
  Sonja (D:10)
  A spark wasp zombie (D:15)
  An unseen horror (D:14)
  A torturous demonspawn (Orc:2)
  The ghost of vurker the Reanimator, a novice GnNe of Cheibriados (D:8)
  2 gelid demonspawn (Orc:2)
  A deep elf archer (D:15)
  A flayed ghost (D:15)
  2 lindwurms (Lair:6)
  A phantasmal warrior (D:14)
  A necromancer (D:15)
  21 ugly things
  2 wolf spiders (Lair:6)
  8 orc knights
  11 orc sorcerers
  A deep elf mage (D:14)
  3 cyclopes
  A frost giant zombie (D:15)
  A faun (shapeshifter) (D:14)
  8 elephants
  Joseph (D:9)
  A moth of wrath (D:8)
  3 manticores
  8 black mambas
  A guardian serpent (Lair:6)
  A merfolk siren (Lair:4)
  2 gargoyles
  An orange demon (Orc:2)
  12 cane toads
  2 freezing wraiths (D:14)
  7 torpor snails
  An efreet (D:14)
  8 komodo dragons
  A rime drake (Lair:5)
  A yaktaur (Depths:1)
  An ice devil (D:14)
  3 trolls
  3 merfolk (Lair:4)
  A queen bee (Lair:2)
  11 hornets
  Grinder (D:3)
  A red devil (Orc:2)
  A deep troll zombie (D:15)
  3 tyrant leeches (Lair:6)
  9 blink frogs (Lair:3)
  8 dream sheep (Lair:5)
  9 slime creatures
  6 hippogriffs
  Sigmund (D:2)
  A spriggan skeleton (D:15)
  2 shadows
  2 redbacks (Lair:6)
  8 wyverns
  2 wraiths
  42 yaks
  A basilisk (Lair:1)
  5 hogs (D:12)
  7 humans
  3 vampire mosquitoes (D:15)
  3 nagas (Lair:2)
  4 wargs
  2 acid dragons (D:14)
  2 soldier ants
  Duvessa (D:6)
  9 porcupines
  22 water moccasins
  60 orc warriors
  4 ice beasts
  4 sky beasts
  A hornet zombie (D:12)
  11 ogres
  3 black bears
  5 phantoms
  A necrophage (D:9)
  3 centaurs
  12 crocodiles
  A big kobold (D:13)
  14 bullfrogs
  Dowan (D:6)
  7 scorpions
  A hornet simulacrum (D:14)
  A wyvern skeleton (D:14)
  29 wights
  35 killer bees
  3 electric eels
  4 howler monkeys
  A bullfrog zombie (D:5)
  3 centaur zombies
  6 jellies
  5 hounds
  39 orc priests
  32 orc wizards
  4 centaur skeletons
  3 iguanas
  10 worker ants
  A worker ant zombie (D:8)
  Robin (D:4)
  6 gnolls
  10 adders
  A howler monkey zombie (D:7)
  2 shadow imps
  2 white imps
  4 ufetubi
  5 oozes
  2 adder zombies
  2 worms (D:2)
  3 dart slugs
  10 leopard geckos
  118 orcs
  3 ball pythons
  4 giant cockroaches
  7 hobgoblins
  12 jackals
  7 quokkas
  10 bats
  5 frilled lizards
  10 goblins
  A jackal skeleton (D:6)
  10 kobolds
  A quokka skeleton (D:4)
  7 rats
  A bush (Lair:2)
898 creatures vanquished.

Vanquished Creatures (others)
  A human (D:14)
  A yak (D:11)
  A quasit (D:14)
  5 orcs
  2 bushes (D:11)
  19 fungi
  78 plants
  9 withered plants (D:15)
116 creatures vanquished.

Grand Total: 1014 creatures vanquished
